AoeStats
← BOLAEXTRA

Arabia

510415753Analyzed
1v1 RM · 1d ago on Sep 30, 2026· 41m 9s· 2 players
Game mode
Random Map
Map size
Tiny (2 player)
Population
200
Speed
Normal
Resources
Standard
Victory
Conquest
Starting age
Dark Age
Ending age
Imperial Age
RankedLock teamsTeams togetherTeam positionsShared explorationLock speedFull tech treeHidden civsTurbo modeCheats
Victory
Defeat
🇦🇷 Armenians · Argentina
994
+17
🇦🇷 Portuguese · Argentina
1007
-17
BOLAEXTRA
7:50 Loom
10:32 Feudal Age
15:50 Castle Age
14:28 Fletching
15:06 Double-Bit Axe
17:20 Crossbowman
20:39 Bodkin Arrow
27:28 Sanctity
31:55 Redemption
40:58 Scale Mail Armor
Davik
6:54 Loom
9:15 Feudal Age
9:46 Double-Bit Axe
10:01 Horse Collar
18:55 Castle Age
18:20 Gold Mining
18:38 Padded Archer Armor
18:28 Fletching
18:38 Padded Archer Armor
22:03 Stone Mining
22:33 Bloodlines
24:43 Husbandry
33:58 Wheelbarrow
33:08 Town Watch
36:17 Light Cavalry
40:53 Imperial Age
42:11 Imperial Age
Connection lost

Rejoining the realm…

Still unreachable

The connection could not be restored.

Session expired

The server has moved on; the page needs a fresh start.